 Dungeon Sprint DCSS version 0.28.0-53-g5a82cb258f (webtiles) character file.

Game seed: 742249390136424837

5943 Zeld the Warrior (level 10, -2/111 HPs)
             Began as a Minotaur Berserker on June 10, 2022.
             Was the Champion of Trog.
             Killed from afar by a rime drake (22 damage)
             ... with a flash freeze
             ... in the Dungeon (Sprint IX: "|||||||||||||||||||||||||||||").
             The game lasted 00:01:06 (1439 turns).

Zeld the Warrior (Minotaur Berserker)               Turns: 1439, Time: 00:01:07

Health: -2/111     AC:  4    Str: 25    XL:     10   Next: 54%
Magic:  9/9        EV: 16    Int:  4    God:    Trog [******]
Gold:   9          SH:  0    Dex: 11    Spells: 9/9 levels left

rFire   . . .      SeeInvis .   a - +1 broad axe (vorpal)
rCold   . . .      Faith    .   (no shield)
rNeg    . . .      Spirit   .   b - +0 animal skin
rPois   .          Reflect  .   (helmet restricted)
rElec   .          Harm     .   (no cloak)
rCorr   .          Rampage  .   k - +0 pair of gloves
Will    .....      NoTele   +   (no boots)
Stlth   +.........              (no amulet)
HPRegen 0.28/turn               (no ring)
MPRegen 0.11/turn               (no ring)

@: on berserk cooldown, slowed, very slow
A: horns 2, retaliatory headbutt
a: Renounce Religion, Berserk, Trog's Hand, Brothers in Arms


You were in the Dungeon.
You worshipped Trog.
Trog was exalted by your worship.
You visited 1 branch You collected 9 gold pieces.

Inventory:

Hand Weapons
 a - a +1 vorpal broad axe (weapon)
Armour
 b - a +0 animal skin (worn)
 k - a +0 pair of gloves (worn)
Wands
 j - a wand of acid (10)
Scrolls
 h - 3 scrolls of blinking
 l - 3 scrolls of fear
 m - a scroll of fog
Potions
 c - 8 potions of curing
 d - 5 potions of heal wounds
 e - a potion of haste
 f - 4 potions of magic
 g - 2 potions of berserk rage
 i - a potion of invisibility


   Skills:
 * Level 17.6 Fighting
 * Level 17.6 Axes
 + Level 12.7 Armour
 + Level 11.7 Dodging


You had 9 spell levels left.
You didn't know any spells.
Your spell library was empty.

Dungeon Overview and Level Annotations

Branches:
Dungeon (1/1)

Altars:
Cheibriados
Dithmenos
Elyvilon
Fedhas
Gozag
Hepliaklqana
Kikubaaqudgha
Makhleb
Nemelex Xobeh
Okawaru
Qazlal
Ru
Sif Muna
Trog
Uskayaw
Vehumet
Wu Jian
Xom
Yredelemnul
Zin
The Shining One
Beogh
Jiyva
Lugonu


Innate Abilities, Weirdness & Mutations

You have a pair of horns on your head.
You reflexively headbutt those who attack you in melee.


Message History

You are too injured to fight recklessly!
You slash the water moccasin!
Your headbutt misses the water moccasin.
The water moccasin is moderately wounded.
The water moccasin completely misses you.
You furiously retaliate!
You headbutt the water moccasin!
Unknown command.
You are too injured to fight recklessly!
You closely miss the water moccasin.
Your headbutt misses the water moccasin.
The water moccasin is severely wounded.
The water moccasin bites you!
* * * LOW HITPOINT WARNING * * *
The water moccasin bites you!
* * * LOW HITPOINT WARNING * * *
You are too injured to fight recklessly!
You closely miss the water moccasin.
The water moccasin is severely wounded.
The water moccasin bites you.
* * * LOW HITPOINT WARNING * * *
Unknown command.
Unknown command.
You slice the water moccasin!!
You kill the water moccasin!
Trog accepts your kill.
The bullfrog hits you but does no damage.
Unknown command.
You barely miss the bullfrog. You headbutt the bullfrog.
The bullfrog is lightly wounded.
The bullfrog barely misses you. You furiously retaliate!
You headbutt the bullfrog.
Unknown command.
You slice the bullfrog!!
You kill the bullfrog!
Trog accepts your kill. Trog grants you a weapon!
Something appears at your feet!
You see here a +2 glaive.
The rime drake breathes ice at you. The flash freeze hits you!!
You die...

▓_▓.▓.▓
▓_▓.▓.▓
▓_▓.▓.▓
▓_▓.▓.▓
▓_▓.▓.▓
▓_▓.▓.▓
▓_▓.▓)▓
▓_▓.▓†▓
▓_▓.▓@▓
▓_▓.▓†▓
▓_▓.▓k▓
▓_▓.▓.▓
▓_▓.▓.▓
▓_▓.▓.▓
▓_▓.▓.▓
▓_▓.▓.▓
▓_▓.▓


You could see a rime drake (catching breath).

Vanquished Creatures
  A boulder beetle (D)
  2 two-headed ogres (D)
  An elephant (D)
  A black mamba (D)
  2 cane toads (D)
  2 komodo dragons (D)
  A rime drake (D)
  A troll (D)
  A troll (shapeshifter) (D)
  A blink frog (D)
  A slime creature (D)
  A shadow (D)
  A wyvern (D)
  A basilisk (D)
  2 yaks (D)
  2 water moccasins (D)
  An orc warrior (D)
  An ice beast (D)
  A wolf (D)
  A gnoll sergeant (D)
  3 bullfrogs (D)
  2 orc wizards (D)
  An ufetubus (D)
  A giant cockroach (D)
  A hobgoblin (D)
  2 quokkas (D)
  A ball python zombie (D)
  A kobold (D)
  A quokka skeleton (D)
  A rat (D)
39 creatures vanquished.

Notes
Turn   | Place    | Note
-------+----------+-------------------------------------------
     0 | D        | Zeld the Minotaur Berserker began the quest for the Orb.
     0 | D        | Reached XP level 1. HP: 19/19 MP: 0/0
    13 | D        | Reached ** piety under Trog
    33 | D        | Noticed an ice beast
    36 | D        | Reached *** piety under Trog
    37 | D        | Reached XP level 2. HP: 28/28 MP: 1/1
    47 | D        | Killed an ice beast
    48 | D        | Reached XP level 3. HP: 15/39 MP: 2/2
    48 | D        | Reached XP level 4. HP: 18/47 MP: 3/3
    50 | D        | Reached skill level 5 in Armour
   273 | D        | Found a snail-covered altar of Cheibriados.
   273 | D        | Found a shadowy altar of Dithmenos.
   273 | D        | Found a white marble altar of Elyvilon.
   273 | D        | Found a blossoming altar of Fedhas.
   273 | D        | Found an opulent altar of Gozag.
   352 | D        | Found a hazy altar of Hepliaklqana.
   353 | D        | Found a viscous altar of Jiyva.
   354 | D        | Found an ancient bone altar of Kikubaaqudgha.
   355 | D        | Found a corrupted altar of Lugonu.
   356 | D        | Found a burning altar of Makhleb.
   357 | D        | Found a sparkling altar of Nemelex Xobeh.
   358 | D        | Found an iron altar of Okawaru.
   359 | D        | Found a stormy altar of Qazlal.
   360 | D        | Found a sacrificial altar of Ru.
   361 | D        | Found a shimmering blue altar of Sif Muna.
   362 | D        | Found a bloodstained altar of Trog.
   363 | D        | Found a hide-covered altar of Uskayaw.
   364 | D        | Found a radiant altar of Vehumet.
   365 | D        | Found an ornate altar of the Wu Jian Council.
   366 | D        | Found a shimmering altar of Xom.
   367 | D        | Found a basalt altar of Yredelemnul.
   368 | D        | Found a glowing silver altar of Zin.
   369 | D        | Found a glowing golden altar of the Shining One.
   418 | D        | Noticed a shadow
   418 | D        | Noticed an orc warrior
   418 | D        | Noticed a wyvern
   418 | D        | Noticed a gnoll sergeant
   420 | D        | Killed a shadow
   420 | D        | Reached **** piety under Trog
   421 | D        | Reached skill level 5 in Dodging
   421 | D        | Reached XP level 5. HP: 57/57 MP: 4/4
   421 | D        | Killed an orc warrior
   422 | D        | Reached skill level 10 in Fighting
   422 | D        | Reached skill level 10 in Axes
   422 | D        | Reached XP level 6. HP: 66/66 MP: 5/5
   430 | D        | Killed a wyvern
   431 | D        | Reached XP level 7. HP: 74/74 MP: 0/6
   435 | D        | Reached ***** piety under Trog
   505 | D        | Noticed a boulder beetle
   505 | D        | Noticed a troll
   505 | D        | Noticed a two-headed ogre
   505 | D        | Noticed a two-headed ogre
   505 | D        | Noticed a troll
   505 | D        | Noticed a slime creature
   515 | D        | Killed a troll
   517 | D        | Killed a two-headed ogre
   518 | D        | Reached XP level 8. HP: 65/86 MP: 7/7
   519 | D        | Killed a two-headed ogre
   520 | D        | Reached skill level 10 in Armour
   520 | D        | Reached XP level 9. HP: 73/96 MP: 8/8
   522 | D        | Killed a troll
   861 | D        | Killed a boulder beetle
   861 | D        | Received a gift from Trog
   862 | D        | Reached skill level 15 in Fighting
   862 | D        | Reached skill level 15 in Axes
   862 | D        | Reached skill level 10 in Dodging
  1143 | D        | Noticed a cane toad
  1146 | D        | Noticed a rime drake
  1150 | D        | Noticed a black mamba
  1180 | D        | Killed a cane toad
  1181 | D        | Reached XP level 10. HP: 66/108 MP: 9/9
  1182 | D        | Reached ****** piety under Trog
  1186 | D        | Killed a black mamba
  1413 | D        | Noticed a cane toad
  1413 | D        | Noticed an elephant
  1419 | D        | Received a gift from Trog
  1422 | D        | Killed a cane toad
  1425 | D        | Killed an elephant
  1439 | D        | Received a gift from Trog
  1439 | D        | Killed from afar by a rime drake

Illustrated notes

Levels and vault maps discovered:
D:        linesprint [early_d, line_temple, items_1, d_10, items_2, lair_1,
          lair_end, items_3, orc_1, orc_end, items_4, d_15, swamp_1, shoals_1,
          snake_1, spider_1, d_20, vaults_1, items_5, swamp_end, shoals_end,
          snake_end, spider_end, vaults_end, d_27, items_6, zot_1, zot_end,
          crypt_end, forest_end, elf_end, slime_end, tomb_end, abyss_end,
          pan_hell_end]

Skill      XL: |  1  2  3  4  5  6  7  8  9 10 |
---------------+-------------------------------+-----
Fighting       | 4 7 9 10 11 13 14 16 17 | 17.6
Axes           | 4 7 9 10 11 13 14 16 17 | 17.6
Armour         | 3 4 6 7 9 10 11 12 | 12.7
Dodging        | 4 5 6 7 8 9 10 11 | 11.7

Action                   |  1- 3 |  4- 6 |  7- 9 | 10-12 || total
-------------------------+-------+-------+-------+-------++-------
Melee: Hand axe          |    24 |     3 |       |       ||    27
       Headbutt          |     1 |     2 |    13 |     6 ||    22
       Broad axe         |       |     9 |    53 |    30 ||    92
       Punch             |       |       |     2 |     1 ||     3
Invok: Berserk           |     1 |     1 |     2 |     1 ||     5
 Stab: Sleeping          |     1 |       |       |       ||     1
Armor: Animal skin       |     4 |     2 |     3 |     1 ||    10
Dodge: Dodged            |    14 |     3 |    16 |    12 ||    45
